[Event "Titled Tuesday Blitz June 28 Early 2022"]
[White "Kapitsyn, Mark"]
[Black "Odegov, Artem"]
[WhiteFideId "4116240"]
[BlackFideId "34183644"]
[WhiteElo "2272"]
[BlackElo "2286"]
[Result "0-1"]
[Round "04"]
[TimeControl "180+1"]
[Date "2022.06.28"]
[WhiteClock "0:00:01"]
[BlackClock "0:00:54"]

1. e4 e6 2. d4 d5 3. Nd2 Nf6 4. e5 Nfd7 5. Bd3 c5 6. c3 Nc6 7. Ne2 cxd4 8. cxd4 f6 9. exf6 Nxf6 10. O-O Bd6 11. Nf3 Qc7 12. Be3 O-O 13. Ng3 e5 14. dxe5 Nxe5 15. Nd4 Bg4 16. Be2 Rae8 17. Rc1 Qf7 18. Nb5 Bb8 19. Bxg4 Nfxg4 20. Bc5 Qf6 21. Bxf8 Rxf8 22. Qxd5+ Kh8 23. h3 Nxf2 24. Ne4 Nf3+ 25. gxf3 Nxh3+ 26. Kh1 Qh4 27. Qd7 Nf2+ 28. Kg1 Qh2# 0-1


[Site "https://www.chess.com"]

[Event "Titled Tuesday Blitz June 28 Early 2022"]
[White "Karaev, Seit-Amet"]
[Black "Jobava, Baadur"]
[WhiteFideId "4169549"]
[BlackFideId "13601520"]
[WhiteElo "2272"]
[BlackElo "2617"]
[Result "0-1"]
[Round "04"]
[TimeControl "180+1"]
[Date "2022.06.28"]
[WhiteClock "0:00:03"]
[BlackClock "0:01:13"]

1. e4 e6 2. d4 d5 3. e5 c5 4. c3 Nc6 5. Nf3 Bd7 6. Bd3 Rc8 7. a3 a6 8. O-O Nh6 9. b4 cxd4 10. cxd4 Qb6 11. Be3 Ng4 12. Nbd2 Nxe3 13. fxe3 Be7 14. Kh1 O-O 15. Nb3 Na7 16. Nc5 Bb5 17. e4 dxe4 18. Nxe4 Nc6 19. Nc5 Rfd8 20. Bxh7+ Kxh7 21. Ng5+ Bxg5 22. Qh5+ Bh6 23. Rxf7 Nxd4 24. Ne4 Bd3 25. Nf6+ Kh8 26. Rf1 Rf8 27. Rd1 Rxf7 28. Qxf7 Qc7 29. Qh5 Qc1 0-1


[Site "https://www.chess.com"]

[Event "Titled Tuesday Blitz June 28 Early 2022"]
[White "Kjartansson, David"]
[Black "Madaminov, Mukhiddin"]
[WhiteFideId "2301130"]
[BlackFideId "14210703"]
[WhiteElo "2382"]
[BlackElo "1916"]
[Result "1-0"]
[Round "04"]
[TimeControl "180+1"]
[Date "2022.06.28"]
[WhiteClock "0:00:17"]
[BlackClock "0:00:06"]

1. d4 Nf6 2. Nc3 d5 3. Bf4 a6 4. e3 e6 5. Nf3 Bb4 6. a3 Bxc3+ 7. bxc3 O-O 8. c4 c5 9. dxc5 Ne4 10. Bd3 Qa5+ 11. Nd2 Nc6 12. Bxe4 dxe4 13. Bd6 Rd8 14. O-O f5 15. f3 exf3 16. Nxf3 h6 17. Qd3 b6 18. cxb6 Qxb6 19. c5 Qa5 20. Kh1 Qa4 21. Rab1 Ne7 22. Ne5 Nd5 23. c4 Nf6 24. Rb4 Qe8 25. Rf4 Ra7 26. Qb1 Ne4 27. Rxe4 fxe4 28. Qxe4 a5 29. Rb6 Qf8 30. h3 Qf1+ 31. Kh2 Qd1 32. Rb1 Qd2 33. Rf1 Rxd6 34. cxd6 Qxd6 35. Qf4 Rc7 36. Rf3 Bb7 37. Rg3 Qf8 38. Qxh6 Rc5 39. Qxe6+ Kh8 40. Ng6+ Kh7 41. Nxf8+ Kh8 42. Ng6+ Kh7 43. Nf4 g5 44. Qg6+ Kh8 45. Rxg5 Rxg5 46. Qxg5 Be4 47. Qf6+ Kh7 48. Qe7+ Kh8 49. Qxe4 a4 50. Ng6+ Kg7 51. Qg4 Kh6 52. Nh4 Kh7 53. Nf5 Kh8 54. Qg7# 1-0


[Site "https://www.chess.com"]

[Event "Titled Tuesday Blitz June 28 Early 2022"]
[White "Kollars, Dmitrij"]
[Black "Bharath Subramaniyam H"]
[WhiteFideId "12909572"]
[BlackFideId "46634827"]
[WhiteElo "2584"]
[BlackElo "2242"]
[Result "1-0"]
[Round "04"]
[TimeControl "180+1"]
[Date "2022.06.28"]
[WhiteClock "0:00:09"]
[BlackClock "0:00:06"]

1. d4 d5 2. c4 e6 3. Nf3 Nf6 4. g3 c6 5. Bg2 dxc4 6. a4 Nbd7 7. Nfd2 Nb6 8. a5 Nbd5 9. Nxc4 Be7 10. O-O O-O 11. Nc3 Bd7 12. Qb3 Rb8 13. e4 Nxc3 14. bxc3 c5 15. Bf4 Rc8 16. d5 exd5 17. exd5 Nh5 18. Be5 Bf6 19. Qxb7 Bf5 20. Rfe1 Bd3 21. Bxf6 Nxf6 22. Ne5 Rc7 23. Qb2 c4 24. Rad1 Rc5 25. a6 Nxd5 26. Nxd3 cxd3 27. Rxd3 Qb6 28. Qxb6 Nxb6 29. Re7 Nc8 30. Red7 Ra5 31. Bb7 Nb6 32. Rc7 g6 33. c4 Na4 34. Kg2 Nc5 35. Rd5 Nxa6 36. Rxa5 Nxc7 37. Rxa7 Rd8 38. Bc6 Ne6 39. Bd5 Rd6 40. f4 Kg7 41. Kf2 Kf6 42. Ke3 Rb6 43. Bxe6 Kxe6 44. Ra2 Rb3+ 45. Kd4 Kd6 46. Ra6+ Ke7 47. Ra7+ Ke6 48. Ra6+ Ke7 49. Ra2 Rb8 50. c5 Kd7 51. Kd5 Rb1 52. Ra7+ Ke8 53. c6 Rb2 54. Ra8+ Ke7 55. c7 Rc2 56. c8=Q Rxc8 1-0


[Site "https://www.chess.com"]

[Event "Titled Tuesday Blitz June 28 Early 2022"]
[White "Kopczynski, Michal"]
[Black "Dubov, Daniil"]
[WhiteFideId "1124200"]
[BlackFideId "24126055"]
[WhiteElo "2235"]
[BlackElo "2791"]
[Result "0-1"]
[Round "04"]
[TimeControl "180+1"]
[Date "2022.06.28"]
[WhiteClock "0:00:06"]
[BlackClock "0:00:12"]

1. e4 c6 2. d4 d5 3. Nc3 dxe4 4. Nxe4 Nf6 5. Ng3 g6 6. Nf3 Bg7 7. Bg5 O-O 8. Qd2 Bg4 9. Be2 Bxf3 10. Bxf3 Nbd7 11. Bh6 Bxh6 12. Qxh6 Qa5+ 13. c3 e5 14. O-O exd4 15. cxd4 Rfe8 16. h4 Nf8 17. h5 Ne6 18. hxg6 hxg6 19. Rad1 Rad8 20. d5 cxd5 21. Rfe1 Ng7 22. Rxe8+ Rxe8 23. Qg5 Re1+ 24. Rxe1 Qxe1+ 25. Kh2 Qe6 26. Ne2 Qd6+ 27. g3 b6 28. Nd4 Nge8 29. Nf5 Qc5 30. Nh6+ Kf8 31. Kg2 Qd4 32. b3 Nd6 33. Ng4 Nxg4 34. Bxg4 Qxf2+ 35. Kxf2 Ne4+ 36. Ke3 Nxg5 37. Kd4 f5 38. Be2 Ne4 39. g4 f4 40. Bf3 Ke7 41. Kxd5 Nd2 42. Be2 f3 43. Bd3 f2 44. Kc6 f1=Q 45. Bxf1 Nxf1 46. Kb7 Kd6 47. Kxa7 Kc7 48. a4 Nh2 49. g5 Nf3 50. b4 Nd4 51. a5 bxa5 52. bxa5 Nc6+ 53. Ka6 Kd6 54. Kb5 Nxa5 55. Kxa5 Ke5 56. Kb4 Kf5 57. Kc3 Kxg5 58. Kd3 Kf4 59. Ke2 Kg3 60. Kf1 g5 61. Kg1 g4 62. Kf1 Kh2 63. Kf2 g3+ 0-1


[Site "https://www.chess.com"]

[Event "Titled Tuesday Blitz June 28 Early 2022"]
[White "Korchmar, Vasiliy"]
[Black "Ivanov, Mike"]
[WhiteFideId "24131750"]
[BlackFideId "2613158"]
[WhiteElo "2370"]
[BlackElo "2182"]
[Result "1-0"]
[Round "04"]
[TimeControl "180+1"]
[Date "2022.06.28"]
[WhiteClock "0:00:04"]
[BlackClock "0:00:01"]

1. e4 g6 2. d4 Bg7 3. c3 c6 4. Bd3 Nh6 5. Nf3 O-O 6. h3 d5 7. e5 f6 8. O-O fxe5 9. Nxe5 Nf7 10. Nf3 e5 11. dxe5 Nxe5 12. Nxe5 Bxe5 13. Bh6 Bg7 14. Bxg7 Kxg7 15. Nd2 Bf5 16. Nf3 Bxd3 17. Qxd3 Qf6 18. Rae1 Nd7 19. Re3 Rae8 20. Rfe1 Rxe3 21. Rxe3 Nc5 22. Qd4 Qxd4 23. Nxd4 Kf7 24. g4 Re8 25. Rf3+ Kg7 26. Kf1 Ne4 27. Kg2 Nd2 28. Rd3 Nc4 29. b3 Nd6 30. f3 Kf6 31. Kg3 Re1 32. Rd2 a6 33. h4 Nb5 34. Ne2 Ra1 35. Kf4 h6 36. g5+ hxg5+ 37. hxg5+ Ke6 38. c4 dxc4 39. bxc4 Nd6 40. Nd4+ Ke7 41. c5 Nb5 42. Re2+ Kf7 43. Ne6 Rc1 44. Nd8+ Kf8 45. Nxb7 Nc3 46. Re6 Nd5+ 47. Ke5 Re1+ 48. Kd6 1-0


[Site "https://www.chess.com"]

[Event "Titled Tuesday Blitz June 28 Early 2022"]
[White "Krallis, Christos"]
[Black "Bachmann, Axel"]
[WhiteFideId "4298896"]
[BlackFideId "3700488"]
[WhiteElo "2234"]
[BlackElo "2587"]
[Result "1-0"]
[Round "04"]
[TimeControl "180+1"]
[Date "2022.06.28"]
[WhiteClock "0:00:14"]
[BlackClock "0:00:03"]

1. e4 c5 2. Nf3 e6 3. b3 b6 4. Bb2 Bb7 5. Nc3 Nc6 6. Be2 Nf6 7. O-O Qc7 8. Nb5 Qb8 9. d3 a6 10. Nc3 Bd6 11. g3 Qc7 12. Nd2 Be5 13. Nf3 Bd6 14. Nd2 Be5 15. Nf3 Bd4 16. Nxd4 Nxd4 17. f4 h5 18. h4 Ng4 19. Bxg4 hxg4 20. Qxg4 Nxc2 21. Rac1 Ne3 22. Qxg7 O-O-O 23. Rf3 Rdg8 24. Qf6 Ng4 25. Qxf7 Rf8 26. Qg7 Rhg8 27. Qh7 Nf6 28. Qe7 Nh5 29. Ne2 Nxg3 30. Rxg3 Rxg3+ 31. Nxg3 Qxf4 32. Kh2 Rg8 33. Rg1 Rg4 34. Bf6 Bc6 35. Rg2 Qf3 36. Bg5 Qxd3 37. Qd8+ Kb7 38. Qf6 Bxe4 39. Nxe4 Qxe4 40. Qf2 Ka7 41. Rxg4 Qxg4 42. Qg3 Qe2+ 43. Kh3 Qf1+ 44. Kg4 Qf5+ 45. Kh5 Qh7+ 46. Bh6 Qf5+ 47. Qg5 Qf3+ 48. Kg6 Qd3+ 49. Kf7 Qh7+ 50. Qg7 Qf5+ 51. Ke8 b5 52. Qxd7+ Kb6 53. Bg5 Ka5 54. a3 Qg6+ 55. Qf7 Qe4 56. Bd8# 1-0


[Site "https://www.chess.com"]

[Event "Titled Tuesday Blitz June 28 Early 2022"]
[White "Kucuksari, Kaan"]
[Black "Wartiovaara, Oliver"]
[WhiteFideId "6380166"]
[BlackFideId "513024"]
[WhiteElo "2305"]
[BlackElo "1971"]
[Result "1-0"]
[Round "04"]
[TimeControl "180+1"]
[Date "2022.06.28"]
[WhiteClock "0:00:15"]
[BlackClock "0:00:18"]

1. d4 Nf6 2. c4 e6 3. g3 d5 4. Nf3 c6 5. Qc2 Bb4+ 6. Nbd2 O-O 7. Bg2 b6 8. O-O Bb7 9. e4 dxe4 10. Nxe4 Nxe4 11. Qxe4 Nd7 12. a3 Be7 13. b4 Qc8 14. c5 a5 15. Be3 Ba6 16. Rfc1 Nf6 17. Qh4 axb4 18. axb4 bxc5 19. dxc5 Nd5 20. Bg5 Bxg5 21. Nxg5 h6 22. Ne4 Bd3 23. Nd6 Qc7 24. Qd4 Bg6 25. b5 Rxa1 26. Rxa1 cxb5 27. Nxb5 Qc6 28. Nc3 Rc8 29. Nxd5 exd5 30. Rc1 Be4 31. Bf1 Qe6 32. Qe3 Qf6 33. Be2 Qb2 34. Bg4 Rc6 35. Bd7 Rc7 36. c6 Qe5 37. Re1 Qd6 38. Qd4 Rxd7 39. cxd7 1-0


[Site "https://www.chess.com"]

[Event "Titled Tuesday Blitz June 28 Early 2022"]
[White "Kupervaser, Erez"]
[Black "Volkov, Maksim"]
[WhiteFideId "2814587"]
[BlackFideId "54123070"]
[WhiteElo "1832"]
[BlackElo "2155"]
[Result "0-1"]
[Round "04"]
[TimeControl "180+1"]
[Date "2022.06.28"]
[WhiteClock "0:00:07"]
[BlackClock "0:00:03"]

1. e4 c5 2. Nf3 d6 3. Bb5+ Nd7 4. O-O a6 5. Bd3 g6 6. c3 Bg7 7. Bc2 e6 8. d4 cxd4 9. cxd4 Ne7 10. Nc3 O-O 11. Bf4 d5 12. exd5 Nxd5 13. Nxd5 exd5 14. Bb3 Nf6 15. Be5 Be6 16. Re1 h6 17. Rc1 Rc8 18. Rxc8 Qxc8 19. Qc1 Qd7 20. Bxf6 Bxf6 21. Qxh6 Bg7 22. Qh4 Rc8 23. h3 Bf5 24. Ne5 Qd6 25. Qf4 Bf8 26. g4 Be6 27. Nxg6 Qb4 28. Qe5 Bg7 29. Qe2 Re8 30. Ne5 Qxd4 31. Nf3 Qc5 32. Qd3 Bxb2 33. Ng5 Bg7 34. Bxd5 Rd8 35. Qh7+ Kf8 36. Bxe6 Qxg5 37. Qf5 Qxf5 38. Bxf5 Rd2 39. Bc8 Bd4 40. Rf1 Rb2 41. Kg2 a5 42. Kf3 b5 43. Rd1 Bxf2 44. Ba6 b4 45. Be2 Bc5 46. Bc4 Rc2 47. Bb3 Rc3+ 48. Kf4 Rxh3 49. Kf5 Rf3+ 50. Ke4 Rf2 51. Rd6 Bxd6 0-1


[Site "https://www.chess.com"]

[Event "Titled Tuesday Blitz June 28 Early 2022"]
[White "Kuzmin, Roman"]
[Black "Samsonkin, Artiom"]
[WhiteFideId "44134932"]
[BlackFideId "13503111"]
[WhiteElo "1968"]
[BlackElo "2513"]
[Result "0-1"]
[Round "04"]
[TimeControl "180+1"]
[Date "2022.06.28"]
[WhiteClock "0:00:38"]
[BlackClock "0:00:29"]

1. e4 e5 2. Nf3 Nc6 3. Bb5 Bc5 4. c3 Nge7 5. O-O O-O 6. d4 exd4 7. cxd4 Bb6 8. d5 Nb8 9. b3 d6 10. Bb2 Bg4 11. Qc2 Bxf3 12. Qc3 Ng6 13. Qxf3 Nd7 14. Qc3 Nde5 15. Kh1 Qg5 16. Nd2 a6 17. Be2 Nf4 18. Bf3 Ba5 19. Qxa5 Nxf3 20. g3 Qh5 21. h4 Qg4 0-1


[Site "https://www.chess.com"]

[Event "Titled Tuesday Blitz June 28 Early 2022"]
[White "Lashkin, Jegor"]
[Black "Tatarinov, Dmitry"]
[WhiteFideId "13907808"]
[BlackFideId "24160067"]
[WhiteElo "2368"]
[BlackElo "2302"]
[Result "1-0"]
[Round "04"]
[TimeControl "180+1"]
[Date "2022.06.28"]
[WhiteClock "0:01:07"]
[BlackClock "0:01:22"]

1. d4 Nf6 2. c4 e6 3. Nc3 d5 4. cxd5 exd5 5. Bg5 Be7 6. e3 c6 7. Bd3 O-O 8. Qc2 Nbd7 9. h3 Re8 10. Nf3 Nf8 11. O-O g6 12. Rab1 Ne6 13. Bh4 Ng7 14. b4 Bf5 15. b5 Bxd3 16. Qxd3 Bd6 17. bxc6 bxc6 18. Qa6 Nf5 19. Bxf6 Qxf6 20. Rb7 c5 21. Qb5 cxd4 22. Nxd5 Qe6 23. Ng5 a6 24. Qb3 Qe5 25. f4 Qh8 26. Nxf7 Qg7 27. Nxd6 Rxe3 28. Rxg7+ 1-0


[Site "https://www.chess.com"]

[Event "Titled Tuesday Blitz June 28 Early 2022"]
[White "Li, Zhuoling"]
[Black "Ajay Krishna, S"]
[WhiteFideId "8605629"]
[BlackFideId "5096430"]
[WhiteElo "2304"]
[BlackElo "2247"]
[Result "0-1"]
[Round "04"]
[TimeControl "180+1"]
[Date "2022.06.28"]
[WhiteClock "0:00:10"]
[BlackClock "0:00:11"]

1. e4 e5 2. Nf3 Nc6 3. Bb5 a6 4. Ba4 Nf6 5. O-O b5 6. Bb3 Bc5 7. d3 d6 8. c3 O-O 9. h3 h6 10. Re1 Bb6 11. Nbd2 Be6 12. Nf1 Re8 13. Be3 d5 14. Bxb6 cxb6 15. exd5 Bxd5 16. Bxd5 Nxd5 17. Qc2 Nf4 18. Rad1 Qf6 19. N1h2 Qg6 20. Nh4 Nxh3+ 21. Kh1 Qh5 22. gxh3 Qxh4 23. Re3 Rad8 24. Rg1 Ne7 25. Rg4 Qf6 26. Rg2 Ng6 27. Ng4 Qc6 28. Kg1 Nf4 29. Rgg3 h5 30. Nh2 h4 31. Rg4 f5 32. Rg5 Qf6 33. Rg2 Nxg2 34. Kxg2 Qg6+ 35. Kf1 f4 36. Rf3 Qe6 37. Ng4 e4 38. dxe4 Qxe4 39. Qxe4 Rxe4 40. Kg2 Rd2 41. b4 Kf7 42. Nh2 Ke6 43. Nf1 Rd8 44. Nh2 Rd1 45. Nf1 Kd5 46. Nh2 Kc4 47. Ng4 Rd3 48. Rxd3 Kxd3 49. Kf3 Re7 50. Nh2 g5 51. Nf1 Kxc3 52. Kg4 Re2 53. Kxg5 Rxf2 54. Kxh4 Rxf1 55. Kg4 Kd3 56. h4 Ke4 57. h5 f3 58. h6 Rg1+ 0-1


[Site "https://www.chess.com"]

[Event "Titled Tuesday Blitz June 28 Early 2022"]
[White "Lianes Garcia, Marcos"]
[Black "Ladan, Nicholas"]
[WhiteFideId "32060777"]
[BlackFideId "30918855"]
[WhiteElo "2310"]
[BlackElo "2167"]
[Result "1/2-1/2"]
[Round "04"]
[TimeControl "180+1"]
[Date "2022.06.28"]
[WhiteClock "0:00:07"]
[BlackClock "0:00:06"]

1. e4 e5 2. g3 d5 3. Bg2 dxe4 4. Nc3 Nf6 5. Nge2 Bc5 6. O-O O-O 7. Nxe4 Nxe4 8. Bxe4 Bh3 9. Re1 Nc6 10. d3 f5 11. Bg2 Bxg2 12. Kxg2 f4 13. f3 fxg3 14. hxg3 Qf6 15. Rf1 Rad8 16. Nc3 Qg6 17. Ne4 Bd6 18. Be3 Ne7 19. Rh1 Nf5 20. Bf2 Be7 21. g4 Nd6 22. Bg3 Nxe4 23. fxe4 Bg5 24. Rf1 Bf4 25. Bxf4 exf4 26. Kf3 Qb6 27. Qd2 Rd6 28. Rh1 Rh6 29. b3 Qf6 30. Rag1 Qg5 31. Qf2 Rff6 32. a4 Rfg6 33. Qg2 Qc5 34. Qe2 Rh3+ 35. Rxh3 Qxg1 36. Qg2 Qd1+ 37. Qe2 Qxe2+ 38. Kxe2 Rxg4 39. Kf3 Rg3+ 40. Rxg3 fxg3 41. Kxg3 Kf7 42. d4 Ke6 43. Kf4 a5 44. c3 h6 45. Kg4 g6 46. c4 Kf6 47. e5+ Ke6 48. Kf4 g5+ 49. Ke4 h5 50. d5+ Ke7 51. Kf5 g4 52. Kf4 Kf7 53. c5 Ke7 54. Kg3 b6 55. d6+ cxd6 56. cxd6+ Kd7 57. Kh4 Ke6 58. Kg3 Kd7 59. Kf4 Ke6 60. Kg3 Kd7 1/2-1/2


[Site "https://www.chess.com"]

[Event "Titled Tuesday Blitz June 28 Early 2022"]
[White "Libiszewski, Fabien"]
[Black "Tan, Jun Ying"]
[WhiteFideId "616834"]
[BlackFideId "5710413"]
[WhiteElo "2440"]
[BlackElo "1827"]
[Result "1-0"]
[Round "04"]
[TimeControl "180+1"]
[Date "2022.06.28"]
[WhiteClock "0:00:18"]
[BlackClock "0:00:21"]

1. e4 Nf6 2. e5 Nd5 3. c4 Nb6 4. d4 d6 5. exd6 cxd6 6. Nc3 g6 7. h3 Bg7 8. Nf3 O-O 9. Be2 Nc6 10. O-O Bf5 11. Bg5 d5 12. c5 Nc4 13. b3 Na3 14. Rc1 h6 15. Bf4 e5 16. Nxe5 Nxe5 17. Bxe5 Bxe5 18. dxe5 d4 19. Nb5 d3 20. Nxa3 dxe2 21. Qxe2 Bd3 22. Qe3 Bxf1 23. Kxf1 Kh7 24. Nc4 Qd5 25. Nd6 Qc6 26. Rc4 h5 27. g4 Qh1+ 28. Ke2 h4 29. g5 Rh8 30. Nxf7 Rad8 31. Nxd8 Rxd8 32. Rxh4+ Kg7 33. Rd4 Rxd4 34. Qxd4 Qxh3 35. e6+ Kh7 36. Qf6 Qg4+ 37. Ke3 Qh3+ 38. f3 Qf1 39. Qf7+ Kh8 40. Qf8+ Kh7 41. Qf7+ Kh8 42. e7 Qe1+ 43. Kd4 Qd2+ 44. Kc4 Qe2+ 45. Kd5 Qd3+ 46. Ke6 Qe3+ 47. Kd6 Qd4+ 48. Qd5 Qf4+ 49. Qe5+ Qxe5+ 50. Kxe5 Kh7 51. e8=Q b6 52. c6 b5 53. Qf7+ Kh8 54. c7 b4 55. c8=Q# 1-0


[Site "https://www.chess.com"]

[Event "Titled Tuesday Blitz June 28 Early 2022"]
[White "Livaic, Leon"]
[Black "Sirosh, Ilja"]
[WhiteFideId "14531534"]
[BlackFideId "4500458"]
[WhiteElo "2540"]
[BlackElo "2241"]
[Result "1-0"]
[Round "04"]
[TimeControl "180+1"]
[Date "2022.06.28"]
[WhiteClock "0:00:25"]
[BlackClock "0:00:08"]

1. e4 c5 2. Nf3 d6 3. d4 cxd4 4. Nxd4 Nf6 5. Nc3 a6 6. Bc4 e6 7. Bb3 b5 8. O-O Be7 9. Qf3 Qb6 10. Be3 Qb7 11. Rfe1 b4 12. Na4 Nbd7 13. Qg3 O-O 14. Bh6 Ne8 15. c3 Kh8 16. Be3 bxc3 17. Nxc3 Nef6 18. Bg5 Nc5 19. Bxf6 gxf6 20. Re3 Nxb3 21. axb3 e5 22. Nf5 Bxf5 23. exf5 d5 24. Qh4 Rg8 25. Rd3 d4 26. Ne4 Rg7 27. Rc1 Rag8 28. Rg3 Rxg3 29. hxg3 Qd7 30. g4 d3 31. Nxf6 Bxf6 32. Qxf6+ Rg7 33. Qxe5 d2 34. Rd1 Kg8 35. Qb8+ 1-0


[Site "https://www.chess.com"]

[Event "Titled Tuesday Blitz June 28 Early 2022"]
[White "Maiorov, Nikita"]
[Black "Melikhov, Evgeny V."]
[WhiteFideId "13501720"]
[BlackFideId "4122046"]
[WhiteElo "2417"]
[BlackElo "1904"]
[Result "1-0"]
[Round "04"]
[TimeControl "180+1"]
[Date "2022.06.28"]
[WhiteClock "0:00:58"]
[BlackClock "0:00:42"]

1. d4 Nf6 2. c4 e6 3. Nf3 d5 4. Nc3 Bb4 5. cxd5 exd5 6. Bg5 h6 7. Bxf6 Qxf6 8. Qa4+ Nc6 9. e3 O-O 10. Be2 Be6 11. O-O a6 12. Rfc1 Bd6 13. Qd1 Rad8 14. a3 Ne7 15. Na4 g5 16. Nc5 Bc8 17. g3 Ng6 18. Nd3 h5 19. Nd2 h4 20. Bg4 Qe7 21. Bxc8 Rxc8 22. Qf3 c6 23. e4 dxe4 24. Nxe4 f5 25. Qh5 Kg7 26. Nxd6 Qxd6 27. Qxg5 Qxd4 28. Nf4 Qf6 29. Nh5+ Kf7 30. Qxf6+ 1-0


[Site "https://www.chess.com"]

[Event "Titled Tuesday Blitz June 28 Early 2022"]
[White "Malyi, Viacheslav"]
[Black "Hafiz, Arif Abdul"]
[WhiteFideId "14123983"]
[BlackFideId "7104227"]
[WhiteElo "2270"]
[BlackElo "2198"]
[Result "1-0"]
[Round "04"]
[TimeControl "180+1"]
[Date "2022.06.28"]
[WhiteClock "0:00:32"]
[BlackClock "0:00:16"]

1. e4 c6 2. d4 d5 3. Nc3 dxe4 4. Nxe4 Nf6 5. Nxf6+ exf6 6. Bd3 Bd6 7. Qh5 Qe7+ 8. Ne2 Be6 9. O-O Nd7 10. Nf4 g6 11. Qh6 O-O-O 12. Re1 Rhe8 13. Bc4 Nf8 14. Nxe6 fxe6 15. Bd2 e5 16. dxe5 Bxe5 17. Bc3 Nd7 18. Qe3 Kb8 19. f4 Bd6 20. Qxe7 Rxe7 21. Rxe7 Bxe7 22. Rd1 Nb6 23. Rxd8+ Bxd8 24. Bg8 Nd5 25. Bxh7 Nxf4 26. Bd2 Bb6+ 27. Kf1 g5 28. Bxf4+ gxf4 29. Ke2 Kc7 30. Kf3 Be3 31. b3 Bc1 32. h4 Kd6 33. h5 Ke7 34. Bf5 Kf7 35. h6 b6 36. h7 Kg7 37. Ke4 c5 38. Kd5 Be3 39. Kc6 c4 40. b4 Bd2 41. b5 Ba5 42. Kd5 c3 43. Ke4 Bb4 44. Kxf4 Ba3 45. Ke4 Bd6 46. Kd5 Bg3 47. Kc6 Be5 48. Kb7 Bd4 49. Kxa7 Bc5 50. Kb7 Kh8 51. Kc6 Kg7 52. a4 Bd4 53. Kd5 Be3 54. Kc4 Bd2 55. Kb4 Be1 56. a5 1-0


[Site "https://www.chess.com"]

[Event "Titled Tuesday Blitz June 28 Early 2022"]
[White "Mangialardo, Tiago Carvalho"]
[Black "Novikova, Galina"]
[WhiteFideId "2130718"]
[BlackFideId "4157095"]
[WhiteElo "2065"]
[BlackElo "1863"]
[Result "0-1"]
[Round "04"]
[TimeControl "180+1"]
[Date "2022.06.28"]
[WhiteClock "0:00:02"]
[BlackClock "0:01:38"]

1. e4 e6 2. d4 d5 3. exd5 exd5 4. Bd3 Nc6 5. Nf3 Bg4 6. c3 f6 7. O-O Qd7 8. Be3 O-O-O 9. b4 g5 10. a4 h5 11. a5 Bd6 12. b5 Nce7 13. b6 a6 14. bxc7 Qxc7 15. Nbd2 Bxh2+ 16. Kh1 Bd6 17. Qb3 Bd7 18. Rfb1 Bc6 19. c4 h4 20. Nf1 g4 21. Ne1 dxc4 22. Bxc4 h3 23. Be6+ Kb8 24. d5 hxg2+ 25. Kxg2 Be5 26. Bb6 Qd6 27. Bxd8 Nxd5 28. Bxd5 Bxd5+ 0-1


[Site "https://www.chess.com"]

[Event "Titled Tuesday Blitz June 28 Early 2022"]
[White "Manukian, Artak"]
[Black "Vifleemskaia, Svetlana"]
[WhiteFideId "13301373"]
[BlackFideId "4129490"]
[WhiteElo "2466"]
[BlackElo "1929"]
[Result "0-1"]
[Round "04"]
[TimeControl "180+1"]
[Date "2022.06.28"]
[WhiteClock "0:00:01"]
[BlackClock "0:00:21"]

1. e4 e5 2. Nf3 Nc6 3. d4 exd4 4. Nxd4 Bc5 5. Nxc6 Qf6 6. Qf3 bxc6 7. Bc4 d6 8. Nc3 Qxf3 9. gxf3 Ne7 10. h4 O-O 11. h5 h6 12. Ke2 Be6 13. Bd3 f5 14. Be3 Bb6 15. Rhg1 Kh8 16. Rg2 d5 17. Bxb6 axb6 18. Rag1 Rf7 19. a3 Raf8 20. e5 c5 21. Kd2 c6 22. f4 d4 23. Nd1 c4 24. Bf1 Nd5 25. Rh2 Nxf4 26. Bg2 Bd5 27. Bxd5 cxd5 28. Rh4 Ne6 29. f4 b5 30. Rg6 Nc5 31. Nf2 Ne4+ 32. Nxe4 fxe4 33. e6 Re7 34. Rhg4 Rf5 35. b4 Rxh5 36. a4 bxa4 37. b5 a3 38. Rg1 Rh2+ 39. Kc1 d3 40. Kb1 d2 0-1


[Site "https://www.chess.com"]

[Event "Titled Tuesday Blitz June 28 Early 2022"]
[White "Marin Ramirez, Gerardo"]
[Black "Ozdemir, Serhan Berat"]
[WhiteFideId "3901068"]
[BlackFideId "6374611"]
[WhiteElo "1920"]
[BlackElo "1920"]
[Result "0-1"]
[Round "04"]
[TimeControl "180+1"]
[Date "2022.06.28"]
[WhiteClock "0:00:05"]
[BlackClock "0:01:21"]

1. d4 Nf6 2. Nf3 g6 3. c4 Bg7 4. Nc3 O-O 5. g3 d6 6. Bg2 c6 7. O-O Qa5 8. e4 e5 9. d5 cxd5 10. cxd5 b5 11. a3 b4 12. Ne2 Nxe4 13. Nxe5 Nxf2 14. Rxf2 Bxe5 15. Bd2 Qb6 16. Bxb4 Nd7 17. Bc3 Rb8 18. Bd4 Bxd4 19. Nxd4 Ne5 20. h3 Bd7 21. Kh2 h5 22. Rc1 Rbc8 23. Rfc2 Rxc2 24. Rxc2 Ba4 25. b3 Bxb3 26. Nxb3 Qxb3 27. Qd2 Kg7 28. Rb2 Qxa3 29. Ra2 Qc5 30. Rxa7 Qxa7 0-1


[Site "https://www.chess.com"]

[Event "Titled Tuesday Blitz June 28 Early 2022"]
[White "Martinez Alcantara, Jose Eduardo"]
[Black "Steinberg, Nitzan"]
[WhiteFideId "3805662"]
[BlackFideId "2801795"]
[WhiteElo "2703"]
[BlackElo "2471"]
[Result "1/2-1/2"]
[Round "04"]
[TimeControl "180+1"]
[Date "2022.06.28"]
[WhiteClock "0:00:06"]
[BlackClock "0:00:06"]

1. e4 c5 2. Nf3 d6 3. Bb5+ Bd7 4. Bxd7+ Nxd7 5. O-O Ngf6 6. Qe2 e6 7. c4 Ne5 8. b3 Be7 9. Bb2 Nfd7 10. d4 Nxf3+ 11. Qxf3 cxd4 12. Bxd4 Bf6 13. Rd1 Ne5 14. Qe3 O-O 15. Nc3 a6 16. h3 Qe7 17. Rd2 Rfd8 18. Rad1 Rac8 19. Bb6 Rd7 20. f4 Nc6 21. e5 Nxe5 22. fxe5 Bg5 23. Qd3 Bxd2 24. Qxd2 Rc6 25. Be3 f6 26. exf6 Qxf6 27. Ne4 Qe5 28. Ng5 h6 29. Nf3 Qf6 30. Rf1 Qg6 31. Qe2 Rc8 32. Nh4 Qe4 33. Rf4 Qb1+ 34. Kh2 Rf8 35. Rxf8+ Kxf8 36. Nf3 Kg8 37. Bd4 Qf5 38. Kg1 Rf7 39. Bf2 e5 40. Bg3 Rf6 41. Kh2 Kh7 42. c5 dxc5 43. Nxe5 Re6 44. Qe3 b6 45. a4 Qb1 46. h4 Rf6 47. Nf3 Qf5 48. Qe2 a5 49. Qc4 Re6 50. Bc7 Re4 51. Qc3 Re2 52. Bg3 Qe4 53. h5 Rc2 54. Nd2 Rxc3 55. Nxe4 Rxb3 56. Bc7 Rb4 57. Nd6 Kg8 58. Nc8 Rxa4 59. Nxb6 Ra2 60. Nd5 c4 61. Kg3 Rc2 62. Kf3 a4 63. Bd6 Kf7 64. Ke4 Ke6 65. Ne3 Re2 66. Bb4 Kd7 67. Kd4 Kc6 68. Nxc4 Rxg2 69. Bf8 Kb5 70. Na3+ Kc6 71. Nc4 Rg5 72. Kc3 Rxh5 73. Bxg7 Rh3+ 74. Kb4 h5 75. Kxa4 h4 76. Bf6 Kd5 77. Nb6+ Ke4 78. Nc4 Rh1 79. Bxh4 Rxh4 80. Kb5 Kd4 81. Nb6 Rh5+ 82. Kc6 Rh6+ 83. Kb5 Rd6 84. Nc8 Rd7 85. Kc6 Rh7 86. Nd6 Rh6 87. Kc7 Kd5 88. Nb7 Rh7+ 89. Kb6 Rd7 90. Nc5 Rd6+ 91. Kb5 Rd8 92. Na6 Rc8 93. Kb6 Kd6 94. Kb5 Ra8 95. Nb4 Rc8 96. Na6 Rc1 97. Nb4 Rc5+ 98. Kb6 Rc4 99. Kb5 Rd4 100. Nc2 Rd2 101. Nb4 Ke5 102. Kc4 Rd1 103. Kc3 Ke4 104. Kc4 Rc1+ 105. Kb5 Kd4 106. Nc6+ Kd5 107. Nb4+ Kd6 1/2-1/2


[Site "https://www.chess.com"]

[Event "Titled Tuesday Blitz June 28 Early 2022"]
[White "Martinez, Shawn"]
[Black "Donatti, Alvaro"]
[WhiteFideId "2039770"]
[BlackFideId "3000303"]
[WhiteElo "2174"]
[BlackElo "2138"]
[Result "1-0"]
[Round "04"]
[TimeControl "180+1"]
[Date "2022.06.28"]
[WhiteClock "0:01:54"]
[BlackClock "0:01:00"]

1. e4 c5 2. Nc3 Nc6 3. Bb5 Nd4 4. Nf3 Nxb5 5. Nxb5 a6 6. Nc3 e6 7. d4 cxd4 8. Qxd4 Qc7 9. Be3 d6 10. O-O-O Nf6 11. Bf4 e5 12. Nxe5 dxe5 13. Bxe5 Qe7 14. Bxf6 Qxf6 15. e5 Qe7 16. Nd5 Qd8 17. Nf6+ Qxf6 18. exf6 1-0


[Site "https://www.chess.com"]